 Dungeon Crawl Stone Soup version 0.26-a0-20-g5f92b90fa0 (webtiles) character file.

Game seed: 12754046781027985159, levelgen mode: deterministic

11 HoaS the Skirmisher (level 2, -1/26 HPs)
             Began as a Centaur Fighter on May 25, 2020.
             Slain by a kobold (3 damage)
             ... on level 1 of the Dungeon.
             The game lasted 00:01:47 (636 turns).

HoaS the Skirmisher (Centaur Fighter)                Turns: 636, Time: 00:01:48

Health: -1/26      AC:  6    Str: 18    XL:     2   Next: 17%
Magic:  2/2        EV:  5    Int:  7    God:
Gold:   87         SH:  8    Dex:  8    Spells: 1/1 levels left

rFire    . . .     SeeInvis .     - Unarmed
rCold    . . .     Gourm    .   b - +0 kite shield
rNeg     . . .     Faith    .   a - +0 scale mail
rPois    .         Spirit   .   (no helmet)
rElec    .         Reflect  .   (no cloak)
rCorr    .         Harm     .   (no gloves)
MR       .....                  (no barding)
Stlth    ..........             (no amulet)
HPRegen  0.08/turn              (no ring)
MPRegen  0.08/turn              (no ring)

@: very quick
A: large, hooves 3, deformed body, speed 2, tough skin 3
a: no special abilities


You were on level 1 of the Dungeon.
You were not hungry.

You visited 1 branch of the dungeon, and saw 1 of its levels.

You collected 87 gold pieces.

Inventory:

Armour
 a - a +0 scale mail (worn)
 b - a +0 kite shield (worn)
Scrolls
 e - a scroll of immolation {unknown}
 g - a scroll of fear {unknown}
Potions
 c - a potion of might
 f - a potion of haste {unknown}
Comestibles
 d - a ration


   Skills:
 + Level 3.1 Fighting
 - Level 2.1 Armour
 + Level 2.3 Shields
 * Level 2.5 Unarmed Combat


You had one spell level left.
You didn't know any spells.
Your spell library was empty.

Dungeon Overview and Level Annotations

Branches:
Dungeon (1/15)

Altars:


Innate Abilities, Weirdness & Mutations

You have hooves in place of feet.
Armour fits poorly on your strangely shaped body.
You cover ground very quickly.
You have extremely tough skin. (AC +3)


Message History

The hobgoblin barely misses you. The kobold hits you.
* * * LOW HITPOINT WARNING * * *
The hobgoblin hits you.
* * * LOW HITPOINT WARNING * * *
The kobold hits you but does no damage. You block the hobgoblin's attack.
The kobold hits you but does no damage. You block the hobgoblin's attack.
The kobold hits you but does no damage.
The hobgoblin hits you but does no damage.
The kobold closely misses you.
The hobgoblin hits you but does no damage.
You block the kobold's attack. The hobgoblin hits you.
* * * LOW HITPOINT WARNING * * *
You block the kobold's attack. The hobgoblin completely misses you.
The kobold hits you but does no damage.
The hobgoblin hits you but does no damage.
The kobold completely misses you. You block the hobgoblin's attack.
The kobold barely misses you. You block the hobgoblin's attack.
The kobold hits you.
You die...

##+# #... #..#
#..## ##.=.###
#...... #.gK# #.@#
# >#####..##.#.#
.............#
.######.###### #.#
#.# #.#
#.################
##.##..............


You could see a hobgoblin and a kobold.

Vanquished Creatures
  A leopard gecko (D:1)
  2 giant cockroaches (D:1)
  2 jackals (D:1)
  A bat (D:1)
  A frilled lizard (D:1)
  2 kobolds (D:1)
  A rat (D:1)
10 creatures vanquished.

Notes
Turn   | Place    | Note
-------+----------+-------------------------------------------
     0 | D:1      | HoaS the Centaur Fighter began the quest for the Orb.
     0 | D:1      | Reached XP level 1. HP: 19/19 MP: 1/1
     4 | D:1      | Noticed a black mamba
   158 | D:1      | Noticed an elephant
   375 | D:1      | Reached XP level 2. HP: 25/26 MP: 2/2
   632 | D:1      | HP: 1/26 [hobgoblin (4)]
   636 | D:1      | Slain by a kobold

Illustrated notes

Levels and vault maps discovered:
D:1:      sevenhm_arrival_forest_fort_small_2, layout_loops_corners,
          kennysheep_nondescript

Action                   || total
-------------------------++-------
Melee: Unarmed           ||    49
       Kick              ||     6
Armor: Scale mail        ||    34
Dodge: Dodged            ||    23
Block: Kite shield       ||    33

Table legend:
 A = Non-vault XP
 B = Vault XP
 C = Vault XP percentage of total XP
 D = Non-vault monster count
 E = Vault monster count
 F = Vault count percentage of total count
                 A         B        C        D         E       F
            +---------+---------+-------+---------+---------+-------
      Total |      17 |       0 |   0.0 |      10 |       0 |   0.0
            +---------+---------+-------+---------+---------+-------
        D:1 |      17 |       0 |   0.0 |      10 |       0 |   0.0
            +---------+---------+-------+---------+---------+-------
